 Dungeon Crawl Stone Soup version 0.24-a0-439-g6dd8730 (webtiles) character file.

Game seed: 1179499280231048930

4199 operationiv the Fighter (level 10, -1/136 HPs)
             Began as a Minotaur Berserker on June 18, 2019.
             Was an Elder of Trog.
             Slain by a black bear (3 damage)
             ... on level 8 of the Dungeon.
             The game lasted 00:06:47 (5336 turns).

operationiv the Fighter (Minotaur Berserker)        Turns: 5336, Time: 00:06:47

Health: -1/136     AC:  9    Str: 29    XL:     10   Next: 8%
Magic:  7/9        EV: 15    Int:  4    God:    Trog [****..]
Gold:   411        SH:  0    Dex: 11    Spells: 9/9 levels left

rFire    . . .     SeeInvis .   K - +0 battleaxe
rCold    . . .     Gourm    .   (shield currently unavailable)
rNeg     . . .     Faith    +   n - +0 ring mail
rPois    .         Spirit   .   (helmet restricted)
rElec    .         Reflect  .   j - +0 cloak
rCorr    .         Harm     .   u - +0 pair of gloves
MR       .....                  (no boots)
Stlth    ..........             o - amulet of faith {Faith, !P}
HPRegen  0.32/turn              e - ring of attention (curse)
MPRegen  0.11/turn              (no ring)

@: berserking (expiring), very quick
A: retaliatory headbutt, horns 2
a: Berserk, Trog's Hand, Brothers in Arms, Renounce Religion


You were on level 8 of the Dungeon.
You worshipped Trog.
Trog was greatly pleased with you.
You were not hungry.

You visited 1 branch of the dungeon, and saw 8 of its levels.

You collected 411 gold pieces.

Inventory:

Hand Weapons
 a - a +0 hunting sling of freezing
   (You found it on level 6 of the Dungeon)
 I - a +1 shortbow of flaming
   (You took it off a centaur on level 7 of the Dungeon)
 J - a +1 short sword of venom
   (You took it off a kobold on level 7 of the Dungeon)
 K - a +0 battleaxe (weapon)
   (You took it off a wight on level 6 of the Dungeon)
 L - a +0 antimagic flail
   (You took it off an orc warrior on level 8 of the Dungeon)
Armour
 j - a +0 cloak (worn)
   (You found it on level 4 of the Dungeon)
 n - a +0 ring mail (worn)
   (You found it on level 2 of the Dungeon)
 u - a +0 pair of gloves (worn)
   (You found it on level 2 of the Dungeon)
 y - a +0 buckler
   (You found it on level 3 of the Dungeon)
Jewellery
 e - a cursed ring of attention (left hand)
   (You found it on level 1 of the Dungeon)
 o - an amulet of faith (around neck) {Faith, !P}
   (You found it on level 2 of the Dungeon)
 E - an uncursed amulet of magic regeneration {unknown}
   (You found it on level 4 of the Dungeon)
Wands
 b - a wand of random effects (13)
   (You took it off Eustachio on level 6 of the Dungeon)
 w - a wand of iceblast (5)
   (You took it off Ijyb on level 3 of the Dungeon)
Scrolls
 d - 4 scrolls of identify {unknown}
 g - 2 scrolls of teleportation {unknown}
 i - 2 scrolls of noise {unknown}
 l - 9 scrolls of remove curse {unknown}
 q - 2 scrolls of enchant armour {unknown}
 x - a scroll of random uselessness {unknown}
 F - a scroll of fear {unknown}
 G - a scroll of amnesia {unknown}
Potions
 f - 2 potions of flight {unknown}
 h - 3 potions of agility {unknown}
 k - 3 potions of brilliance {unknown}
 m - 2 potions of mutation {unknown}
 p - 3 potions of invisibility {unknown}
 r - a potion of resistance {unknown}
 s - a potion of cancellation {unknown}
 t - a potion of berserk rage {unknown}
 v - a potion of heal wounds {unknown}
 z - a potion of haste {unknown}
 A - 2 potions of curing {unknown}
 B - a potion of degeneration {unknown}
 C - a potion of ambrosia {unknown}
 D - 2 potions of might {unknown}
Comestibles
 c - 13 rations
 H - 9 chunks of flesh {@w0}


   Skills:
 + Level 9.5 Fighting
 + Level 9.4 Axes
 + Level 9.1 Armour
 + Level 8.3 Dodging


You had 9 spell levels left.
You didn't know any spells.
Your spell library was empty.

Dungeon Overview and Level Annotations

Branches:
Dungeon (8/15)             Temple (0/1) D:6
   Lair: D:8-11

Altars:
Ashenzari
Elyvilon
Hepliaklqana
Nemelex Xobeh
Okawaru
Ru
Trog
Uskayaw
Xom
Yredelemnul
Zin

Shops:
D:7 *

Annotations:
D:4 3 runed translucent doors, ezpacito's ghost, amateur DsGl
D:7 1 runed translucent door, Crazy Yiuf


Innate Abilities, Weirdness & Mutations

You reflexively headbutt those who attack you in melee.
You have a pair of horns on your head.


Message History

You slash the eye of draining! You headbutt the eye of draining!
Unknown command.
You slice the eye of draining!!
You kill the eye of draining!
Trog accepts your kill. The eye of draining gazes at you.
You feel your power leaking away.
You now have 3/9 mp.
You slash the eye of draining! The eye of draining gazes at you.
You feel your power leaking away.
You now have 2/9 mp.
You slice the eye of draining!! You headbutt the eye of draining.
Unknown command.
You slash the eye of draining!
You kill the eye of draining!
Trog accepts your kill.
No target in view!
No target in view!
No target in view!
You butcher the jackal corpse.
H - 3 chunks of flesh {@w0} You see here a jackal skeleton. x2
You butcher the jackal corpse.
H - 5 chunks of flesh {@w0} (gained 2)
You see here a jackal skeleton. x2
You butcher the ogre corpse.
H - 9 chunks of flesh {@w0} (gained 4)
Things that are here:
a +0 giant club; an ogre skeleton
Things that are here:
a +0 giant club; an ogre skeleton
Things that are here:
a scorpion corpse; a killer bee corpse
L - a +0 antimagic flail You regained 3 hp, and now have 72/91 hp.
No target in view!
There is a stone staircase leading up here.
A hungry ghost comes into view.
A hungry ghost is nearby!
A hungry ghost is nearby!
You hit the hungry ghost. The hungry ghost misses you.
You miss the hungry ghost. The hungry ghost completely misses you.
You barely miss the hungry ghost. You headbutt the hungry ghost!
The hungry ghost closely misses you.
You barely miss the hungry ghost. The hungry ghost closely misses you.
The hungry ghost barely misses you.
You miss the hungry ghost. The hungry ghost barely misses you.
Your ring mail prevents you from hitting the hungry ghost.
You headbutt the hungry ghost. The hungry ghost misses you.
You barely miss the hungry ghost. The hungry ghost completely misses you.
You hit the hungry ghost. The hungry ghost barely misses you.
You furiously retaliate!
You headbutt the hungry ghost!! The hungry ghost barely misses you.
You closely miss the hungry ghost. Your headbutt misses the hungry ghost.
The hungry ghost barely misses you.
You slash the hungry ghost!
You destroy the hungry ghost!
Trog accepts your kill.
No target in view!
No target in view!
Found a stone staircase leading up.
No target in view!
No target in view!
A cyan ugly thing comes into view.
The cyan ugly thing gurgles horribly!
You hear an angry growl.
A cyan ugly thing is nearby!
A black bear comes into view.
There are monsters nearby!
You hit the cyan ugly thing but do no damage.
You headbutt the cyan ugly thing! The cyan ugly thing pecks you!
The cyan ugly thing shocks you!
You take 28 damage, and have 51/91 hp.
MASSIVE DAMAGE!!
A red film seems to cover your vision as you go berserk!
You feel yourself moving faster!
You feel mighty!
You feel a lot more hungry. The cyan ugly thing pecks you!
The cyan ugly thing shocks you!
You now have 55/136 hp.
You closely miss the cyan ugly thing. You headbutt the cyan ugly thing!
The cyan ugly thing pecks you but does no damage.
You closely miss the cyan ugly thing.
Your headbutt misses the cyan ugly thing.
The cyan ugly thing pecks you! The cyan ugly thing shocks you!
* * * LOW HITPOINT WARNING * * *
You take 23 damage, and have 33/136 hp.
You barely miss the cyan ugly thing. The cyan ugly thing pecks you!
* * * LOW HITPOINT WARNING * * *
The cyan ugly thing shocks you!
* * * LOW HITPOINT WARNING * * *
You take 19 damage, and have 14/136 hp.
You slice the cyan ugly thing!! The cyan ugly thing closely misses you.
You closely miss the cyan ugly thing. You barely miss the cyan ugly thing.
You headbutt the cyan ugly thing, but do no damage.
You barely miss the black bear. The cyan ugly thing pecks you.
* * * LOW HITPOINT WARNING * * *
The cyan ugly thing shocks you!
* * * LOW HITPOINT WARNING * * *
The black bear misses you. The black bear claws you.
You die...

†.†#### ....#.
....# .../..
....### ....###.
...<#.####...#...
## #.
.................
.#...
..####.........##
.....# ...
##.....###.##....##
...
#.....###..u.....#
...
#.##...##.@h....#
#.
...##........%..##
#.#..#............#
#.##.........%P..##
. ###...##..%....#
.. ....####......##
#...# #..$...+
....## ###....+
<... ....#


You could see a cyan ugly thing and a black bear.

Vanquished Creatures
  Pikel (D:5)
  3 hippogriffs
  Sigmund (D:6)
  Eustachio (D:6)
  A hungry ghost (D:8)
  Menkaure (D:5)
  2 orc warriors
  A black bear (D:7)
  3 sky beasts
  4 slaves (D:5)
  2 eyes of draining (D:8)
  4 ogres
  3 centaurs
  A big kobold (D:7)
  3 scorpions
  6 killer bees (D:8)
  A wight (D:6)
  A howler monkey (D:5)
  3 crimson imps
  A bullfrog zombie (D:5)
  3 hounds
  An orc priest (D:7)
  3 bullfrog skeletons
  A centaur skeleton (D:7)
  3 orc wizards
  Ijyb (D:3)
  4 worker ants
  A hound skeleton (D:5)
  3 worker ant zombies
  7 adders
  A shadow imp (D:6)
  2 oozes
  An adder skeleton (D:6)
  3 worms
  A dart slug (D:1)
  4 leopard geckos
  11 orcs
  8 bats
  4 giant cockroaches
  10 hobgoblins
  7 jackals
  2 quokkas
  A ball python (D:3)
  3 frilled lizards (D:2)
  5 goblins (D:1)
  9 kobolds
  4 rats
  A spectral orc (D:2)
147 creatures vanquished.

Notes
Turn   | Place    | Note
-------+----------+-------------------------------------------
     0 | D:1      | operationiv the Minotaur Berserker began the quest for the
                  | Orb.
     0 | D:1      | Reached XP level 1. HP: 19/19 MP: 0/0
   143 | D:1      | Reached XP level 2. HP: 13/27 MP: 1/1
   566 | D:2      | Reached skill level 4 in Fighting
   566 | D:2      | Reached skill level 3 in Armour
   575 | D:2      | Reached skill level 4 in Axes
   599 | D:2      | Reached XP level 3. HP: 28/33 MP: 2/2
   638 | D:2      | Reached ** piety under Trog
   789 | D:2      | Reached skill level 3 in Dodging
   824 | D:2      | Reached XP level 4. HP: 30/40 MP: 3/3
   926 | D:2      | Found a basalt altar of Yredelemnul.
  1028 | D:2      | Found an iron altar of Okawaru.
  1127 | D:2      | Found a glowing silver altar of Zin.
  1128 | D:2      | Found a white marble altar of Elyvilon.
  1360 | D:3      | Noticed Ijyb
  1376 | D:3      | Killed Ijyb
  1842 | D:4      | Reached XP level 5. HP: 40/47 MP: 4/4
  2172 | D:4      | Reached skill level 4 in Armour
  2190 | D:4      | Found a shattered altar of Ashenzari.
  2202 | D:4      | Found a runed translucent gate.
  2205 | D:4      | Found a runed translucent gate.
  2205 | D:4      | Found a runed translucent gate.
  2213 | D:4      | Noticed ezpacito's ghost (amateur DsGl)
  2353 | D:5      | Entered Level 5 of the Dungeon
  2404 | D:5      | Reached skill level 5 in Fighting
  2413 | D:5      | Noticed a sky beast
  2417 | D:5      | Reached skill level 5 in Axes
  2422 | D:5      | Reached XP level 6. HP: 40/56 MP: 5/5
  2424 | D:5      | Killed a sky beast
  2424 | D:5      | Reached skill level 4 in Dodging
  2528 | D:5      | Reached *** piety under Trog
  2900 | D:5      | Noticed a slave
  2900 | D:5      | Noticed a slave
  2900 | D:5      | Noticed a slave
  2900 | D:5      | Noticed a slave
  2901 | D:5      | Noticed Pikel
  2905 | D:5      | Killed a slave
  2908 | D:5      | Killed a slave
  2909 | D:5      | Killed a slave
  2912 | D:5      | Killed a slave
  2916 | D:5      | Killed Pikel
  2916 | D:5      | Reached skill level 6 in Fighting
  2916 | D:5      | Reached skill level 6 in Axes
  2916 | D:5      | Reached skill level 5 in Armour
  2916 | D:5      | Reached skill level 5 in Dodging
  2916 | D:5      | Reached XP level 7. HP: 64/64 MP: 6/6
  2966 | D:5      | Noticed Menkaure
  2974 | D:5      | Killed Menkaure
  2974 | D:5      | Reached skill level 6 in Armour
  2974 | D:5      | Reached XP level 8. HP: 30/71 MP: 7/7
  3351 | D:6      | Reached skill level 7 in Fighting
  3387 | D:6      | Noticed a hippogriff
  3390 | D:6      | Reached skill level 7 in Axes
  3394 | D:6      | Killed a hippogriff
  3394 | D:6      | Reached skill level 6 in Dodging
  3517 | D:6      | Noticed Sigmund
  3524 | D:6      | Killed Sigmund
  3524 | D:6      | Reached skill level 7 in Armour
  3792 | D:6      | Found a staircase to the Ecumenical Temple.
  3824 | D:6      | Noticed Eustachio
  3832 | D:6      | Killed Eustachio
  3835 | D:6      | Reached skill level 8 in Fighting
  3835 | D:6      | Reached XP level 9. HP: 78/81 MP: 8/8
  3853 | D:6      | Found a sparkling altar of Nemelex Xobeh.
  4050 | D:7      | Reached skill level 8 in Axes
  4119 | D:7      | Reached skill level 7 in Dodging
  4330 | D:7      | Found Ireadairr's Assorted Antiques.
  4367 | D:7      | Reached skill level 8 in Armour
  4439 | D:7      | Reached **** piety under Trog
  4442 | D:7      | Found a hazy altar of Hepliaklqana.
  4543 | D:7      | Reached skill level 9 in Fighting
  4549 | D:7      | Found a hide-covered altar of Uskayaw.
  4705 | D:7      | Found a sacrificial altar of Ru.
  4716 | D:7      | Reached skill level 9 in Axes
  4804 | D:7      | Found a runed translucent door.
  4805 | D:7      | Noticed Crazy Yiuf
  5135 | D:8      | Found a shimmering altar of Xom.
  5137 | D:8      | Reached skill level 8 in Dodging
  5274 | D:8      | Reached skill level 9 in Armour
  5274 | D:8      | Reached XP level 10. HP: 64/91 MP: 9/9
  5284 | D:8      | Found a bloodstained altar of Trog.
  5326 | D:8      | Noticed a cyan ugly thing
  5332 | D:8      | HP: 33/136 [cyan ugly thing (14)]
  5333 | D:8      | HP: 14/136 [cyan ugly thing (12)]
  5336 | D:8      | HP: 2/136 [cyan ugly thing (12)]
  5336 | D:8      | Slain by a black bear

Levels and vault maps discovered:
D:1:      wander_arrival_desolate, layout_rooms
D:2:      layout_rooms, yredelemnul_forgotten_temple_becter,
          gammafunk_temple_overflow_pools, nicolae_overflow_crystal_walls,
          minmay_box_of_dots
D:3:      layout_loops_cross, uniq_ijyb
D:4:      layout_basic, ashenzari_conservatory_becter, first_ration,
          gammafunk_ghost_necromancy
D:5:      layout_gridville, uniq_menkaure, uniq_pikel
D:6:      layout_basic, nemelex_xobeh_ov_fountains_minmay, temple_doors_e,
          serial_glass, glass_columns_c, glass_columns_a, minmay_manual_maat,
          uniq_eustachio, uniq_sigmund
D:7:      layout_basic, kennysheep_mini_moat, nicolae_ru_path_of_blood,
          overflow_temple_1_default, serial_shops, shop, uniq_crazy_yiuf_cottage
D:8:      layout_cave_pools, trog_eyes_of_draining, serial_shops,
          nicolae_shop_crystal, basic_altar, blue_anna_alchemist
          [blue_anna_fruit_fields, blue_anna_fruit_fields],
          minmay_misc_feat_four_crosses

Skill      XL: |  1  2  3  4  5  6  7  8  9 |
---------------+----------------------------+-----
Fighting       | 4 5 6 8 9 |  9.5
Armour         | 3 4 5 6 7 9 |  9.1
Axes           | 4 5 6 7 9 |  9.4
Dodging        | 3 5 6 8 |  8.3

Action                   |  1- 3 |  4- 6 |  7- 9 | 10-12 || total
-------------------------+-------+-------+-------+-------++-------
Melee: Hand axe          |    65 |   153 |    35 |       ||   253
       Headbutt          |    13 |    26 |    46 |     9 ||    94
       Battleaxe         |       |       |   134 |    27 ||   161
Throw: Boomerang         |       |     3 |     2 |       ||     5
Invok: Trog's Hand       |       |     1 |     3 |       ||     4
       Berserk           |       |     2 |     3 |     1 ||     6
  Eat: Chunk             |       |     7 |     8 |       ||    15
       Ration            |       |       |     2 |       ||     2
Armor: Animal skin       |     9 |       |       |       ||     9
       Ring mail         |    11 |    46 |    68 |     1 ||   126
Dodge: Dodged            |    42 |    91 |   142 |    19 ||   294
Block: Buckler           |       |     6 |     1 |       ||     7

Table legend:
 A = Non-vault XP
 B = Vault XP
 C = Vault XP percentage of total XP
 D = Non-vault monster count
 E = Vault monster count
 F = Vault count percentage of total count
                 A         B        C        D         E       F
            +---------+---------+-------+---------+---------+-------
      Total |    3735 |    2264 |  37.7 |     122 |      21 |  14.7
            +---------+---------+-------+---------+---------+-------
        D:1 |      29 |       0 |   0.0 |      14 |       0 |   0.0
        D:2 |      91 |       7 |   7.1 |      24 |       5 |  17.2
        D:3 |      24 |      36 |  60.0 |      13 |       1 |   7.1
        D:4 |      93 |       0 |   0.0 |       5 |       0 |   0.0
        D:5 |     551 |     862 |  61.0 |      16 |       2 |  11.1
        D:6 |     348 |     872 |  71.5 |       8 |       9 |  52.9
        D:7 |    1955 |       0 |   0.0 |      31 |       0 |   0.0
        D:8 |     644 |     487 |  43.1 |      11 |       4 |  26.7
            +---------+---------+-------+---------+---------+-------

Levels and vault maps discovered:
D:1:      wander_arrival_desolate, layout_rooms
D:2:      layout_rooms, yredelemnul_forgotten_temple_becter,
          gammafunk_temple_overflow_pools, nicolae_overflow_crystal_walls,
          minmay_box_of_dots
D:3:      layout_loops_cross, uniq_ijyb
D:4:      layout_basic, ashenzari_conservatory_becter, first_ration,
          gammafunk_ghost_necromancy
D:5:      layout_gridville, uniq_menkaure, uniq_pikel
D:6:      layout_basic, nemelex_xobeh_ov_fountains_minmay, temple_doors_e,
          serial_glass, glass_columns_c, glass_columns_a, minmay_manual_maat,
          uniq_eustachio, uniq_sigmund
D:7:      layout_basic, kennysheep_mini_moat, nicolae_ru_path_of_blood,
          overflow_temple_1_default, serial_shops, shop, uniq_crazy_yiuf_cottage
D:8:      layout_cave_pools, trog_eyes_of_draining, serial_shops,
          nicolae_shop_crystal, basic_altar, blue_anna_alchemist
          [blue_anna_fruit_fields, blue_anna_fruit_fields],
          minmay_misc_feat_four_crosses

Table legend:
 A = Turns spent in this place as a percentage of turns spent in the entire game.
 B = Non-inter-level travel turns spent in this place as a percentage of non-inter-level travel turns spent in the entire game.
 C = Inter-level travel turns spent in this place as a percentage of turns spent in this place.
 D = Turns resting spent in this place as a percentage of non-inter-level travel turns spent in this place.
 E = Turns spent auto-exploring this place as a percentage of non-inter-level travel turns spent in this place.
 F = Non-inter-level travel turns spent in this place divided by the number of levels of this place that you've seen.
                   A       B       C       D       E      F
               +-------+-------+-------+-------+-------+----------------------
         Total | 100.0 | 100.0 |   5.1 |  18.9 |  63.3 | 633.1
       Dungeon | 100.0 | 100.0 |   5.1 |  18.9 |  63.3 | 633.1
               +-------+-------+-------+-------+-------+----------------------

Table legend:
 A = Kills in this place as a percentage of kills in entire the game.
 B = Kills by you in this place as a percentage of kills by you in the entire game.
 C = Kills by friends in this place as a percentage of kills by friends in the entire game.
 D = Other kills in this place as a percentage of other kills in the entire game.
 E = Experience gained in this place as a percentage of experience gained in the entire game.
 F = Experience gained in this place divided by the number of levels of this place that you have seen.
                   A       B       C       D       E      F
               +-------+-------+-------+-------+-------+----------------------
         Total | 100.0 | 100.0 |   N/A |   N/A | 100.0 | 749.9
       Dungeon | 100.0 | 100.0 |   N/A |   N/A | 100.0 | 749.9
               +-------+-------+-------+-------+-------+----------------------
